AoeStats
← Φ Lechero

Pilgrims

509699979Analyzed
4v4 RM · 4d ago on Sep 27, 2026· 14m 1s· 8 players
Game mode
Random Map
Map size
Large (8 player)
Population
200
Speed
Normal
Resources
Standard
Victory
Conquest
Starting age
Dark Age
Ending age
Imperial Age
RankedLock teamsTeams togetherTeam positionsShared explorationLock speedFull tech treeHidden civsTurbo modeCheats
Victory
Defeat
🇬🇧 Berbers · United Kingdom
1050
+15
🇲🇽 Bohemians · Mexico
1020
+16
🇩🇪 Hindustanis · Germany
1007
+16
🇩🇪 Malay · Germany
988
+17
🇺🇸 Mapuche · United States
1095
-19
🇬🇧 Varangians · United Kingdom
1020
-16
🇲🇽 Teutons · Mexico
1010
-16
🇺🇸 Byzantines · United States
940
-13
Pandinus
4:38 Loom
11:41 Feudal Age
Khan Mofeta
4:55 Loom
12:51 Feudal Age
13:51 Double-Bit Axe
NAMYAR
10:19 Feudal Age
9:43 Loom
10:50 Town Watch
11:45 Double-Bit Axe
16:23 Castle Age
Φ Lechero
12:00 Feudal Age
Badacidreflux
10:54 Loom
13:24 Feudal Age
Ports
3:58 Loom
12:52 Feudal Age
Starman
6:57 Loom
14:54 Feudal Age
xXRedHoodXx
7:18 Feudal Age
Connection lost

Rejoining the realm…

Still unreachable

The connection could not be restored.

Session expired

The server has moved on; the page needs a fresh start.